AoeStats
← Polo AK

Nomad

509645295Analyzed
4v4 RM · 5d ago on Sep 27, 2026· 41m 26s· 8 players
Game mode
Random Map
Map size
231×231
Population
200
Speed
Normal
Resources
Standard
Victory
Conquest
Starting age
Dark Age
Ending age
Imperial Age
RankedLock teamsTeams togetherTeam positionsShared explorationLock speedFull tech treeHidden civsTurbo modeCheats
Victory
Defeat
🇨🇳 Bengalis · China
1261
+11
🇨🇳 Poles · China
1193
+13
1153
+15
1128
+15
🇨🇳 Persians · China
1146
-14
🇧🇷 Franks · Brazil
1138
-14
🇳🇱 Ethiopians · Netherlands
1125
-13
🇨🇳 Spanish · China
1119
-13
种田低手
6:57 Loom
14:35 Feudal Age
15:59 Double-Bit Axe
18:40 Castle Age
16:23 Horse Collar
17:12 Padded Archer Armor
16:59 Town Watch
19:54 Leather Archer Armor
19:54 Bow Saw
23:48 Heavy Plow
24:02 Fletching
24:26 Bloodlines
24:17 Husbandry
35:16 Wheelbarrow
35:17 Scale Barding Armor
35:23 Forging
37:24 Chain Barding Armor
37:40 Iron Casting
Polo AK
5:14 Loom
14:14 Feudal Age
19:47 Castle Age
17:43 Double-Bit Axe
24:45 Horse Collar
28:45 Wheelbarrow
27:55 Town Watch
33:09 Imperial Age
31:50 Bow Saw
35:25 Bloodlines
35:15 Husbandry
37:11 Forging
36:55 Gold Mining
37:02 Heavy Camel Rider
38:53 Scale Barding Armor
40:00 Iron Casting
39:04 Cavalier
42:58 Blast Furnace
42:19 Chain Barding Armor
BlandToaster625
15:41 Feudal Age
19:17 Castle Age
17:40 Fishing Lines
18:01 Town Watch
20:23 Gillnets
21:04 Fletching
20:46 Crossbowman
21:25 Gillnets
21:54 Bodkin Arrow
21:59 Padded Archer Armor
22:22 Gold Mining
22:44 Forging
26:33 Thumb Ring
32:11 Imperial Age
30:01 Double-Bit Axe
33:52 Chemistry
33:35 Bow Saw
33:14 Arbalester
34:55 Leather Archer Armor
34:46 Horse Collar
36:55 Ring Archer Armor
38:24 Bracer
39:26 Loom
40:16 Wheelbarrow
39:41 Town Patrol
39:12 Elite Skirmisher
40:44 Ballistics
种田美眉
5:57 Loom
15:29 Feudal Age
16:55 Double-Bit Axe
17:07 Stone Mining
17:11 Gold Mining
19:54 Castle Age
19:06 Town Watch
20:57 Bow Saw
21:32 Scale Mail Armor
25:06 Scale Barding Armor
26:32 Fletching
27:51 Wheelbarrow
31:47 Forging
32:18 Husbandry
33:41 Squires
33:02 Pikeman
33:11 Pikeman
34:51 Chain Barding Armor
35:06 Iron Casting
34:30 Bodkin Arrow
34:52 Chain Mail Armor
37:45 Iron Casting
38:03 Gold Shaft Mining
41:54 Imperial Age
微辣十三香
5:54 Loom
14:31 Feudal Age
18:28 Castle Age
16:57 Double-Bit Axe
17:17 Scale Mail Armor
17:13 Horse Collar
18:09 Fishing Lines
20:24 Bow Saw
33:50 Forging
34:58 Wheelbarrow
36:31 Hand Cart
37:00 Town Watch
37:55 Iron Casting
38:48 Heavy Plow
39:56 Scale Barding Armor
41:53 Bloodlines
41:46 Husbandry
左拳伤害高 右拳高伤害
3:31 Loom
16:24 Feudal Age
17:11 Fishing Lines
20:10 Castle Age
18:41 Double-Bit Axe
18:50 Gold Mining
19:37 Town Watch
20:52 Gillnets
21:19 Fletching
22:36 Bodkin Arrow
25:23 Stone Mining
26:13 Clinker Construction
26:43 Wheelbarrow
26:23 Bow Saw
31:45 Imperial Age
31:17 Bloodlines
31:07 Husbandry
33:12 Stone Shaft Mining
33:20 Forging
33:58 Hand Cart
34:18 Conscription
35:41 Iron Casting
36:11 Scale Barding Armor
36:07 Padded Archer Armor
38:12 Blast Furnace
40:47 Leather Archer Armor
懒羊羊<爱睡懒觉版>
4:05 Loom
14:06 Feudal Age
20:47 Castle Age
26:27 Bloodlines
28:51 Fletching
33:49 Bodkin Arrow
34:16 Double-Bit Axe
34:44 Forging
37:02 Horse Collar
38:55 Padded Archer Armor
40:50 Iron Casting
王炸炸
3:33 Loom
15:44 Feudal Age
19:49 Castle Age
19:07 Double-Bit Axe
19:06 Horse Collar
20:11 Stone Mining
25:24 Fletching
26:34 Bodkin Arrow
37:07 Paiks
42:29 Wheelbarrow
Connection lost

Rejoining the realm…

Still unreachable

The connection could not be restored.

Session expired

The server has moved on; the page needs a fresh start.